Map: Newkirk Precinct TE (Void)

Players

monC

  • Race: Zerg Zerg
  • League: Diamond
  • Spawn Location: 5:00

Musumeci - Winner!

  • Race: Zerg Zerg
  • League: Diamond
  • Spawn Location: 7:00

VOD

Have the link to the VOD?

Description

Time

  • Played on: March 6, 2017, 7:25 a.m.
  • Length: 9:40
Show
View Real Time Build Order
Export as new Build Order

monC Zerg 

Build Orders: Hatch First 

Get SALT Encoding   

  12  0:01  Drone  
  13  0:14  Overlord  
  13  0:19  Drone  
  14  0:34  Drone  
  15  0:47  Hatchery  
  14  0:50  Drone  
  14  0:54  Drone  
  16  1:10  Spawning Pool  
  15  1:15  Drone  
  16  1:24  Extractor  
  15  1:43  Hatchery  
  14  2:00  Queen  
  16  2:06  Drone x2  
  18  2:23  Drone x2  
  18  2:24  Drone  
  21  2:31  Metabolic Boost  
  21  2:40  Zergling x4  
  21  2:43  Zergling x2  
  24  2:45  Zergling x2  
  25  2:55  Overlord  
  25  3:01  Queen  
  25  3:04  Zergling x2  
  28  3:07  Zergling x2  
  29  3:18  Overlord  
  29  3:19  Overlord  
  29  3:22  Zergling x2  
  29  3:25  Zergling x2  
  30  3:49  Zergling x2  
  30  3:50  Zergling x10  
  30  3:54  Zergling x2  
  30  3:55  Zergling x4  
  30  4:31  Zergling x14  
  31  4:32  Zergling x4  
  38  4:48  Zergling x2  
  35  5:12  Zergling x2  
  35  5:13  Zergling x14  
  40  5:19  Queen  
  40  5:20  Queen  
  40  5:21  Spine Crawler, Overlord  
  43  5:42  Zergling x2  
  42  5:43  Zergling x12  
  48  5:55  Drone  
  48  5:56  Drone x2  
  32  6:30  Zergling x14  
  25  6:41  Zergling x2  
  25  6:50  Zergling x4  
  24  7:23  Zergling x2  
  24  7:24  Zergling x8  
  29  7:32  Zergling x4  
  31  7:39  Evolution Chamber  
  18  8:10  Zergling x4  
  18  8:11  Zergling x6  
  22  8:41  Zergling x10  
  23  8:47  Hatchery  
  26  9:02  Zergling x4  
Show
View Real Time Build Order
Export as new Build Order

Musumeci Zerg - Winner!

Build Orders: Hatch First 

Get SALT Encoding   

  12  0:01  Drone  
  13  0:08  Drone  
  14  0:18  Drone, Extractor  
  15  0:24  Overlord  
  15  0:42  Drone x2  
  17  0:57  Hatchery  
  17  1:04  Extractor  
  15  1:08  Drone x2  
  15  1:09  Drone  
  18  1:25  Spawning Pool  
  18  1:28  Drone  
  18  1:39  Evolution Chamber  
  17  1:41  Drone  
  17  1:42  Drone  
  19  1:52  Drone  
  21  2:12  Queen x2  
  21  2:14  Zergling x4  
  21  2:15  Zergling x2  
  28  2:21  Metabolic Boost  
  28  2:30  Baneling Nest  
  28  2:31  Zergling x2  
  28  2:37  Overlord  
  28  2:58  Zergling x12  
  34  3:13  Baneling x2  
  34  3:14  Zergling x4  
  34  3:53  Zergling x2  
  34  3:54  Zergling x2  
  34  4:05  Baneling x2  
  27  4:21  Zergling x4  
  27  4:22  Zergling x14  
  29  4:48  Zergling x8  
  31  5:01  Queen  
  31  5:02  Queen  
  31  5:06  Drone  
  31  5:07  Drone x3  
  34  5:15  Overlord  
  34  5:27  Baneling  
  34  5:28  Baneling  
  34  5:38  Zergling x14  
  40  5:50  Baneling x2  
  40  5:53  Zergling x4  
  40  5:55  Baneling  
  40  5:56  Baneling  
  41  6:07  Baneling x2  
  41  6:08  Baneling  
  27  6:38  Zergling x20  
  37  6:45  Baneling x2  
  36  6:52  Zergling x6  
  37  7:04  Baneling x2  
  32  7:28  Baneling x2  
  31  7:30  Zergling x12  
  34  7:54  Zergling x10  
  34  7:55  Zergling x6  
  37  7:59  Baneling x2  
  37  8:13  Zergling x8  
  39  8:36  Zergling x10  
  44  8:41  Overlord  
  44  8:43  Baneling x2  
  42  9:14  Baneling x2  
  43  9:17  Drone x3  
  43  9:23  Baneling  
  43  9:24  Baneling  
Tags
 
Add a new tag
Caveats
  • Supply blocks, unpowered buildings, or Contaminate may cause inaccurate times.
  • Supply counts are checked every 10 seconds.